 Dungeon Crawl Stone Soup version 0.14-a0-2019-gd9bc7f0 (webtiles) character file.

320 RedPan the Slasher (level 5, 0/32 HPs)
             Began as a Gargoyle Fighter on Jan 19, 2014.
             Slain by Menkaure (11 damage)
             ... on Level 4 of the Dungeon.
             The game lasted 00:08:30 (2820 turns).

RedPan the Slasher (Gargoyle Fighter)               Turns: 2820, Time: 00:08:30

HP   0/32        AC 12     Str 21      XL: 5   Next: 27%
MP   5/5         EV  6     Int  8      God:
Gold 175         SH 18     Dex  9      Spells:  0 memorised,  4 levels left

rFire  . . .     SeeInvis .     a - +0 falchion
rCold  + . .     Clarity  .     b - +0 scale mail
rNeg   + . .     Conserve .     c - +0 shield
rPois  +         rCorr    .     (no helmet)
rElec  +         rRot     +     j - +0 cloak
SustAb . .       Spirit   .     (no gloves)
rMut   .         Warding  .     (no boots)
Saprov . . .     Stasis   .     (no amulet)
MR     .....                    (no ring)
                                s - ring of protection from cold {unknown}

@: not resistant to hostile enchantments, extremely unstealthy
A: life protection 1, electricity resistance, unbreathing, petrification
resistance, AC +4
a: no special abilities


You were on level 4 of the Dungeon.
You were hungry.

You visited 1 branch of the dungeon, and saw 4 of its levels.

You collected 175 gold pieces.

Inventory:

Hand weapons
 a - a +0,+0 falchion (weapon)
Missiles
 x - 5 curare-tipped needles
Armour
 b - a +0 scale mail (worn)
 c - a +0 shield (worn)
 j - a +0 cloak (worn)
Comestibles
 d - 2 bread rations
 k - 2 meat rations
 q - a cheese
 B - a rotting chunk of orc flesh
 D - a choko
Scrolls
 e - 2 scrolls of identify {unknown}
 f - a scroll of teleportation {unknown}
 i - 2 scrolls of remove curse {unknown}
 l - 2 scrolls of recharging {unknown}
 n - 2 scrolls of enchant armour {unknown}
 r - a scroll of fear {unknown}
 u - a scroll of immolation {unknown}
 v - a scroll of enchant weapon II {unknown}
 y - a scroll of enchant weapon I {unknown}
 C - a scroll of magic mapping {unknown}
Jewellery
 s - a ring of protection from cold (left hand) {unknown}
Potions
 g - a potion of curing {unknown}
 h - a potion of paralysis {unknown}
 m - a potion of heal wounds {unknown}
 o - a potion of brilliance {unknown}
 p - a potion of agility {unknown}
 t - 2 potions of poison {unknown}
 w - 3 potions of magic {unknown}
 z - a potion of flight {unknown}
 A - a potion of might {unknown}
 E - a potion of beneficial mutation {unknown}


   Skills:
 - Level 3.5 Fighting
 + Level 4.6 Long Blades
 - Level 3.3 Armour
 - Level 3.2 Shields


You had 4 spell levels left.
You didn't know any spells.

Dungeon Overview and Level Annotations

Branches:
Dungeon (4/16)
 Temple: D:4-7

Altars:
Xom
Zin

Annotations:
D:4 Menkaure


Innate Abilities, Weirdness & Mutations

You are resistant to torment.
You are immune to poison.
Your stone body is very resilient (AC +4).
You resist negative energy.
You are resistant to electric shocks.
You can survive without breathing.
You are immune to petrification.


Message History

Read which item? (? for menu, Esc to quit)
Okay, then.
You hit Menkaure.
Menkaure is lightly damaged.
Menkaure hits you.
You hit Menkaure but do no damage.
Menkaure is lightly damaged.
Menkaure calls on the powers of darkness!
Your body is wracked with pain!
You block Menkaure's attack.
You hit Menkaure.
Menkaure is moderately damaged.
Menkaure points at you and mumbles some strange words.
Pain shoots through your body!
You hit Menkaure but do no damage.
Menkaure is moderately damaged.
Menkaure hits you but does no damage.
You hit Menkaure.
Menkaure is heavily damaged.
Menkaure hits you!
You die...

#.#
#...##
#..
#.#
#.###
#.#
#.#
#.#
#.#
#.#
#.#
#.#
#.###
#.#
#...#
#...#
#@..#
#M###
...
##...
#....
######


You could see Menkaure.

Vanquished Creatures
  A worker ant (D:4)
  A gnoll (D:2)
  2 adders
  A giant mite (D:3)
  2 worms (D:3)
  2 giant geckos (D:3)
  An ooze (D:1)
  6 orcs
  2 ball pythons
  7 bats
  4 giant cockroaches
  7 hobgoblins
  7 jackals
  2 quokkas (D:2)
  2 giant newts (D:1)
  3 goblins
  10 kobolds
  A kobold skeleton (D:4)
  10 rats
71 creatures vanquished.

Notes
Turn   | Place    | Note
--------------------------------------------------------------
     0 | D:1      | RedPan, the Gargoyle Fighter, began the quest for the Orb.
     0 | D:1      | Reached XP level 1. HP: 14/14 MP: 1/1
   147 | D:1      | Reached XP level 2. HP: 19/19 MP: 2/2
   910 | D:2      | Reached XP level 3. HP: 21/23 MP: 3/3
  1404 | D:2      | Found a shimmering altar of Xom.
  1417 | D:2      | Reached XP level 4. HP: 28/28 MP: 4/4
  2097 | D:3      | Found a glowing silver altar of Zin.
  2097 | D:3      | Noticed an angel
  2189 | D:3      | Reached skill level 4 in Long Blades
  2483 | D:4      | Reached XP level 5. HP: 14/32 MP: 5/5
  2805 | D:4      | Noticed Menkaure
  2820 | D:4      | Slain by Menkaure

Action                   |  1- 3 |  4- 6 || total
-------------------------+-------+-------++-------
Melee: Falchion          |   160 |   142 ||   302
